 Dungeon Crawl Stone Soup version 0.30-a0-1123-gabc949cf19 (webtiles) character file.

Game seed: 8768600069492842806

255 LustLizard the Gusty (level 5, 0/29 HPs)
             Began as a Deep Elf Air Elementalist on Apr 22, 2023.
             Killed by their own static electricity (3 damage)
             ... on level 4 of the Dungeon.
             The game lasted 00:06:40 (4587 turns).

LustLizard the Gusty (Deep Elf Air Elementalist)    Turns: 4587, Time: 00:06:40

Health: 0/29       AC:  5    Str:  7    XL:     5   Next: 91%
Magic:  4/13       EV: 12    Int: 20    God:
Gold:   126        SH:  0    Dex: 15    Spells: 0/12 levels left

rFire   . . .        f - +1 dagger (venom)
rCold   . . .        (no shield)
rNeg    . . .        a - +0 robe
rPois   .            l - +2 helmet
rElec   .            (no cloak)
rCorr   .            (no gloves)
SInv    .            (no boots)
Will    .....        e - amulet of the acrobat
Stlth   +++          (no ring)
HPRegen 0.24/turn    (no ring)
MPRegen 0.13/turn

%: acrobat
@: no status effects
A: no striking features
a: no special abilities


You were on level 4 of the Dungeon.
You visited 1 branch of the dungeon, and saw 4 of its levels.

You collected 126 gold pieces.

Inventory:

Hand Weapons
 f - a +1 dagger of venom (weapon)
Armour
 a - a +0 robe (worn)
 l - a +2 helmet (worn)
Magical Staves
 k - a staff of cold
Jewellery
 e - an amulet of the acrobat (around neck)
 m - an amulet of faith
Scrolls
 c - 3 scrolls of identify
 d - a scroll of fog {unknown}
 g - a scroll of vulnerability {unknown}
 h - a scroll of noise {unknown}
 o - a scroll of blinking {unknown}
Potions
 b - a potion of magic
 i - a potion of might {unknown}
 j - 2 potions of lignification
 n - a potion of curing


   Skills:
 + Level 1.5 Fighting
 - Level 2.4 Dodging
 + Level 3.8 Stealth
 + Level 4.2 Spellcasting
 + Level 2.6 Conjurations
 + Level 0.4 Translocations
 * Level 4.6 Air Magic


You couldn't memorise any spells.
You knew the following spells:

 Your Spells              Type           Power      Damage    Failure   Level
a - Shock                 Conj/Air       72%        1d7       2%          1
b - Static Discharge      Conj/Air       36%        2-4/arc   4%          2
c - Swiftness             Air            22%        N/A       5%          3
d - Airstrike             Air            11%        2d(2-18)  19%         4
e - Blink                 Tloc           10%        N/A       16%         2

Your spell library contained the following spells:

 Spells                   Type           Power      Damage    Failure   Level
 Cigotuvi's Dreadful Rot  Necr/Pois/Air  20%        N/A       10%         2
 Manifold Assault         Tloc           5%         N/A       71%         4
 Dispel Undead            Necr           4%         3d7       77%         4
 Death Channel            Necr           2%         N/A       100%        6
 Storm Form               Tmut/Air       6%         N/A       100%        7


Dungeon Overview and Level Annotations

Branches:
Dungeon (4/15)
 Temple: D:4-7

Altars:

Shops:
D:4 (

Annotations:
D:3 1 runed translucent door, Sleet's ghost, weakling SpEn
D:4 Duvessa


Message History

The gnoll is no longer moving quickly.
The gnoll bouda barks out a call to the hunt!
The gnoll picks up the pace!
The gnoll attacks as you move away! The gnoll completely misses you.
The gnoll attacks as you move away! The gnoll closely misses you.
The gnoll barely misses you. The gnoll completely misses you.
The gnoll bouda calls upon its god to heal the gnoll.
The gnoll is healed somewhat.
The gnoll attacks as you move away! The gnoll misses you.
The gnoll attacks as you move away! The gnoll hits you with a +0 flail!
* * * LOW HITPOINT WARNING * * *
The gnoll is no longer moving quickly.
The gnoll attacks as you move away! The gnoll misses you.
Your attacks no longer feel as feeble.
It was a potion of curing.
You feel better. The gnoll closely misses you.
The gnoll hits you but does no damage.
Casting: Swiftness (quite dangerous; 5% risk of failure)
Confirm with . or Enter, or press ? or * to list all spells.
The gnoll is struck by an arc of lightning.
The gnoll is moderately wounded.
You are struck by an arc of lightning.
The gnoll is struck by an arc of lightning.
The gnoll is severely wounded.
You are struck by an arc of lightning.
* * * LOW HITPOINT WARNING * * *
The lightning grounds out.
The gnoll is struck by an arc of lightning.
The gnoll is heavily wounded.
You are struck by an arc of lightning.
* * * LOW HITPOINT WARNING * * *
The gnoll is struck by an arc of lightning.
You kill the gnoll!
The lightning grounds out.
The gnoll hits you with a +0 flail.
* * * LOW HITPOINT WARNING * * *
Casting: Static Discharge (safe; 4% risk of failure)
Confirm with . or Enter, or press ? or * to list all spells.
The gnoll is struck by an arc of lightning.
The gnoll is severely wounded.
You are struck by an arc of lightning.
You die...

###### ####...## ##..
.....## ##.......## #..
......#
##.........##### #..
......##
##...........##.####..
.......#
##..........#..#...##..
.......##
#...........##......##.
........#
#...........###......#.
........# #.....g..).#
##....... ........##
#...@)....# #.......
.........# ######....#
#....... .........#
##g..# #.......
.......<## #...#
#....... ......).#
#...# ###g.##.
........# #.g.#
##..###. .......##
##...# ##.g## ##
.......# #....###..## #
......## ##...##g.##


You could see a gnoll bouda and a gnoll (swift).

Vanquished Creatures
  A scorpion (D:4)
  7 gnolls (D:4)
  2 adders (D:2)
  2 worms (D:2)
  5 dart slugs
  4 orcs (D:4)
  14 endoplasms
  8 giant cockroaches
  5 goblins
  7 hobgoblins
  2 jackals (D:2)
  11 kobolds
  A quokka (D:2)
  8 ball pythons
  5 bats
  4 frilled lizards
  4 rats
90 creatures vanquished.

Vanquished Creatures (others)
  4 toadstools (D:1)
4 creatures vanquished.

Grand Total: 94 creatures vanquished

Notes
Turn   | Place    | Note
-------+----------+-------------------------------------------
     0 | D:1      | LustLizard the Deep Elf Air Elementalist began the quest
                  | for the Orb.
     0 | D:1      | Reached XP level 1. HP: 10/10 MP: 6/6
   184 | D:1      | Reached XP level 2. HP: 15/15 MP: 5/8
   773 | D:1      | Reached XP level 3. HP: 20/20 MP: 6/9
  1041 | D:1      | Learned a level 2 spell: Static Discharge
  1045 | D:1      | Learned a level 3 spell: Swiftness
  1407 | D:2      | Reached skill level 1 in Fighting
  1881 | D:2      | Reached XP level 4. HP: 25/25 MP: 8/11
  3209 | D:3      | Found a runed translucent door.
  3213 | D:3      | Noticed Sleet's ghost (weakling SpEn)
  3574 | D:4      | Learned a level 4 spell: Airstrike
  3759 | D:4      | Noticed Duvessa
  4071 | D:4      | Reached XP level 5. HP: 27/29 MP: 3/12
  4342 | D:4      | Found Sussaag's Weapon Boutique.
  4450 | D:4      | Learned a level 2 spell: Blink
  4587 | D:4      | Killed from afar by themself

Illustrated notes

Levels and vault maps discovered:
D:1:      ldierk_walled_garden_2, layout_rooms
D:2:      layout_basic
D:3:      layout_loops_cross, serial_glass, glass_columns_a, glass_columns_a,
          ebering_ghost_reflecting_pool
D:4:      layout_cave_pods, nicolae_overflow_hallway_of_the_gods, serial_shops,
          shop, nicolae_take_the_stairs, uniq_duvessa

Skill      XL: |  1  2  3  4  5 |
---------------+----------------+-----
Stealth        | 3 |  3.8
Fighting       | 1 |  1.5
Air Magic      | 4 |  4.6
Conjurations   | 2 |  2.6
Spellcasting   | 4 |  4.2
Dodging        | |  2.4
Translocations | |  0.4

Action                     |  1- 3 |  4- 6 || total
---------------------------+-------+-------++-------
  Melee: Short sword       |     2 |       ||     2
   Cast: Shock             |    91 |   121 ||   212
         Static Discharge  |       |     8 ||     8
    Use: Scroll            |       |     2 ||     2
         Potion            |       |     1 ||     1
 Armour: Robe              |     2 |     6 ||     8
  Dodge: Dodged            |     9 |    20 ||    29

Table legend: (Time is in decaauts)
 A = Elapsed time spent in this place.
 B = Non-inter-level travel time spent in this place.
 C = Inter-level travel time spent in this place.
 D = Time resting spent in this place.
 E = Time spent auto-exploring this place.
 F = Levels seen in this place.
 G = Mean time per level.
                   A        B        C        D        E       F      G
               +--------+--------+--------+--------+--------+-----+--------+
         Total |   4590 |   4469 |    121 |    446 |   3438 |   4 | 1147.5 |
       Dungeon |   4590 |   4469 |    121 |    446 |   3438 |   4 | 1147.5 |
               +--------+--------+--------+--------+--------+-----+--------+

Top non-repeatable levels by time:
     D:2: 1507 daAuts
     D:3: 1151 daAuts
     D:1: 1035 daAuts
     D:4: 895 daAuts
